[Event "30th Abu Dhabi Festival A-Open 2024"]
[Site "Abu Dhabi"]
[Date "2024.08.15"]
[Round "1.1"]
[White "Shashish Subbiah"]
[Black "Yeremyan, Alen"]
[Result "0-1"]
[ECO "D77"]
[WhiteElo "1837"]
[BlackElo "2279"]
[Annotator "ChessBase"]
[PlyCount "124"]
[EventDate "2024.08.15"]
[EventType "swiss"]
[EventCountry "UAE"]
[SourceTitle "playchess.com"]
[Source "ChessBase"]
[SourceQuality "1"]
[TimeControl "5400+30"]

1. Nf3 Nf6 2. g3 g6 3. Bg2 Bg7 4. O-O d5 5. d4 O-O 6. c4 dxc4 7. Qc2 a6 8. Qxc4 b5 9. Qc2 Bb7 10. Nc3 Nbd7 11. Rd1 Qe8 12. Bf4 Rc8 13. Qd2 c5 14. dxc5 Nxc5 15. Ne5 b4 16. Nd5 Nxd5 17. Bxd5 Bxd5 18. Qxd5 e6 19. Qd4 Qb5 20. Rd2 Na4 21. Qd3 g5 22. Qxb5 axb5 23. Nd7 gxf4 24. Nxf8 Kxf8 25. gxf4 Bxb2 26. Rb1 Bc3 27. Rd7 Nb2 28. Rb7 Ra8 29. Rxb5 Rxa2 30. Kg2 Nc4 31. R1xb4 Bxb4 32. Rxb4 Nd6 33. Kf3 Ra3+ 34. e3 Nf5 35. Rb7 Kg7 36. Rb1 Kf6 37. Rb4 Ra1 38. Rb2 Rg1 39. Rb5 Kg6 40. Rb8 Nh4+ 41. Ke4 Rh1 42. Rg8+ Kf6 43. Rg5 Rxh2 44. f3 Rd2 45. Re5 Ke7 46. f5 Nxf5 47. f4 Nh4 48. f5 Nxf5 49. Kf4 Rf2+ 50. Kg4 Kf6 51. Re4 h5+ 52. Kh3 Rf3+ 53. Kh2 Rxe3 54. Ra4 h4 55. Rg4 e5 56. Ra4 e4 57. Ra6+ Kg5 58. Ra1 Kg4 59. Rg1+ Ng3 60. Rd1 Re2+ 61. Kg1 h3 62. Rd3 h2# 0-1

[Event "30th Abu Dhabi Festival A-Open 2024"]
[Site "Abu Dhabi"]
[Date "2024.08.15"]
[Round "1.2"]
[White "Diaz Villagran, Robert"]
[Black "Mithilesh Ranjithkumar"]
[Result "1-0"]
[ECO "C02"]
[WhiteElo "2268"]
[BlackElo "1833"]
[Annotator "ChessBase"]
[PlyCount "29"]
[EventDate "2024.08.15"]
[EventType "swiss"]
[EventCountry "UAE"]
[SourceTitle "playchess.com"]
[Source "ChessBase"]
[SourceQuality "1"]
[TimeControl "5400+30"]

1. e4 e6 2. d4 d5 3. e5 c5 4. c3 Nc6 5. Nf3 Qb6 6. a4 Bd7 7. b4 cxd4 8. cxd4 Rc8 9. Be2 Nge7 10. O-O Nf5 11. Be3 Be7 12. Qd3 f6 13. Nbd2 O-O 14. exf6 Bxf6 15. Nb3 1-0

[Event "30th Abu Dhabi Festival A-Open 2024"]
[Site "Abu Dhabi"]
[Date "2024.08.15"]
[Round "1.3"]
[White "Willenberg, Shane C."]
[Black "Saydaliev, Akobirkhon"]
[Result "1-0"]
[ECO "A08"]
[WhiteElo "1833"]
[BlackElo "2266"]
[Annotator "ChessBase"]
[PlyCount "79"]
[EventDate "2024.08.15"]
[EventType "swiss"]
[EventCountry "UAE"]
[SourceTitle "playchess.com"]
[Source "ChessBase"]
[SourceQuality "1"]
[TimeControl "5400+30"]

1. e4 e6 2. d3 d5 3. Nd2 c5 4. g3 Nc6 5. Bg2 g6 6. Ngf3 Bg7 7. O-O Nge7 8. Re1 Qc7 9. Nf1 O-O 10. h4 h5 11. Rb1 Rd8 12. Qe2 b6 13. e5 Nf5 14. c3 b5 15. Bg5 Rf8 16. N1h2 Nh6 17. Bh3 d4 18. cxd4 Nxd4 19. Nxd4 cxd4 20. Rbc1 Qd7 21. Rc5 Bb7 22. Rec1 Rfc8 23. Bg2 Nf5 24. g4 Bxg2 25. Kxg2 Rxc5 26. Rxc5 hxg4 27. Nxg4 Rc8 28. Qc2 Rxc5 29. Qxc5 Qd5+ 30. Qxd5 exd5 31. Nf6+ Bxf6 32. Bxf6 Kh7 33. Kf3 Kh6 34. Kg4 a5 35. h5 b4 36. b3 Kh7 37. Kg5 Nh6 38. hxg6+ fxg6 39. e6 Nf5 40. Bd8 1-0

[Event "30th Abu Dhabi Festival A-Open 2024"]
[Site "Abu Dhabi"]
[Date "2024.08.15"]
[Round "1.4"]
[White "Aditya Varun Gampa"]
[Black "UMER S.M"]
[Result "1-0"]
[ECO "B40"]
[WhiteElo "2261"]
[BlackElo "1832"]
[Annotator "ChessBase"]
[PlyCount "51"]
[EventDate "2024.08.15"]
[EventType "swiss"]
[EventCountry "UAE"]
[SourceTitle "playchess.com"]
[Source "ChessBase"]
[SourceQuality "1"]
[TimeControl "5400+30"]

1. e4 c5 2. Nf3 e6 3. b3 Nc6 4. Bb2 Nf6 5. e5 Nd5 6. Nc3 Nxc3 7. dxc3 d6 8. Qe2 dxe5 9. Nxe5 Nxe5 10. Qxe5 Bd7 11. O-O-O Qb8 12. Qe3 Qc7 13. c4 f6 14. g3 Kf7 15. Bh3 Re8 16. Rhe1 h5 17. f4 h4 18. Kb1 Bc8 19. g4 Bd6 20. Rf1 Rd8 21. Rde1 Rhe8 22. g5 f5 23. g6+ Kf8 24. Qf3 Re7 25. Qh5 Ke8 26. Rd1 1-0

[Event "30th Abu Dhabi Festival A-Open 2024"]
[Site "Abu Dhabi"]
[Date "2024.08.15"]
[Round "1.5"]
[White "Vandan Alankar Sawai"]
[Black "Lad Mandar Pradip"]
[Result "0-1"]
[ECO "B94"]
[WhiteElo "1828"]
[BlackElo "2254"]
[Annotator "ChessBase"]
[PlyCount "56"]
[EventDate "2024.08.15"]
[EventType "swiss"]
[EventCountry "UAE"]
[SourceTitle "playchess.com"]
[Source "ChessBase"]
[SourceQuality "1"]
[TimeControl "5400+30"]

1. e4 c5 2. Nf3 d6 3. d4 cxd4 4. Nxd4 Nf6 5. Nc3 a6 6. Bg5 Nbd7 7. Qe2 e5 8. Nf5 h6 9. Bh4 g6 10. Ne3 Be7 11. O-O-O b5 12. a3 Bb7 13. f3 Rb8 14. g4 Bc6 15. Be1 a5 16. Ncd5 Nxd5 17. exd5 Ba8 18. h4 b4 19. a4 b3 20. Nc4 O-O 21. Nxa5 Nc5 22. cxb3 Qd7 23. h5 Rfc8 24. Kb1 Nxb3 25. Nxb3 Rxb3 26. hxg6 Qxa4 27. gxf7+ Kg7 28. f4 Rxb2+ 0-1

[Event "30th Abu Dhabi Festival A-Open 2024"]
[Site "Abu Dhabi"]
[Date "2024.08.15"]
[Round "1.6"]
[White "Hamidov, Allahverdi"]
[Black "Tecirli, Musa"]
[Result "1-0"]
[ECO "D52"]
[WhiteElo "2253"]
[BlackElo "1826"]
[Annotator "ChessBase"]
[PlyCount "91"]
[EventDate "2024.08.15"]
[EventType "swiss"]
[EventCountry "UAE"]
[SourceTitle "playchess.com"]
[Source "ChessBase"]
[SourceQuality "1"]
[TimeControl "5400+30"]

1. d4 d5 2. c4 e6 3. Nc3 Nf6 4. Bg5 c6 5. e3 Nbd7 6. Nf3 Qa5 7. Nd2 dxc4 8. Bxf6 Nxf6 9. Nxc4 Qc7 10. g3 Bd7 11. Bg2 c5 12. d5 exd5 13. Nxd5 Nxd5 14. Bxd5 Bc6 15. O-O Bxd5 16. Qxd5 Rd8 17. Qe4+ Be7 18. a4 O-O 19. Rad1 Bf6 20. b3 b6 21. Kg2 Rfe8 22. Qf3 a6 23. Nd2 Rd3 24. Ne4 Rxb3 25. Nxf6+ gxf6 26. Qxf6 Qe5 27. Qh6 Rb2 28. Kg1 Qe6 29. Qf4 Rb4 30. Qc7 Rc8 31. Rd8+ Rxd8 32. Qxd8+ Kg7 33. a5 Qf6 34. Qc8 bxa5 35. Qxc5 Rb5 36. Qa3 Qb6 37. Qa1+ Kg6 38. Rd1 Rb2 39. Qa3 Qb4 40. Qd3+ Kg7 41. Qf5 h6 42. Rd7 Rb1+ 43. Kg2 Qc4 44. Qe5+ Kh7 45. Rd8 Qc6+ 46. e4 1-0

[Event "30th Abu Dhabi Festival A-Open 2024"]
[Site "Abu Dhabi"]
[Date "2024.08.15"]
[Round "1.8"]
[White "Tabada, Jobannie C."]
[Black "Chen, Jun-Wei"]
[Result "0-1"]
[ECO "B23"]
[WhiteElo "2246"]
[BlackElo "1818"]
[Annotator "ChessBase"]
[PlyCount "84"]
[EventDate "2024.08.15"]
[EventType "swiss"]
[EventCountry "UAE"]
[SourceTitle "playchess.com"]
[Source "ChessBase"]
[SourceQuality "1"]
[TimeControl "5400+30"]

1. e4 c5 2. Nc3 e6 3. f4 d5 4. d3 Be7 5. Nf3 dxe4 6. dxe4 Qxd1+ 7. Nxd1 Nf6 8. Nc3 Nc6 9. Be3 O-O 10. O-O-O b6 11. h3 Bb7 12. e5 Nd5 13. Nxd5 exd5 14. Rxd5 Nb4 15. Rd1 Nxa2+ 16. Kb1 Nb4 17. Be2 Rfd8 18. Rhf1 a5 19. g4 Be4 20. Ne1 f6 21. exf6 Bxf6 22. g5 Be7 23. f5 Rxd1+ 24. Bxd1 Rf8 25. Bg4 Bd6 26. Bd2 Bg3 27. Bxb4 cxb4 28. f6 Kh8 29. Be6 gxf6 30. gxf6 h5 31. Nd3 h4 32. f7 Bg2 33. Rf5 Kg7 34. Nf4 Be4 35. Rg5+ Kf6 36. Rg8 Ke7 37. Rxf8 Kxf8 38. Nd5 b3 39. Nf6 bxc2+ 40. Ka2 Bd6 41. Nxe4 c1=Q 42. Nxd6 Qc6 0-1

[Event "30th Abu Dhabi Festival A-Open 2024"]
[Site "Abu Dhabi"]
[Date "2024.08.15"]
[Round "1.9"]
[White "Erfan Mohamad Firdaus"]
[Black "Md Imran"]
[Result "0-1"]
[ECO "D27"]
[WhiteElo "1813"]
[BlackElo "2225"]
[Annotator "ChessBase"]
[PlyCount "106"]
[EventDate "2024.08.15"]
[EventType "swiss"]
[EventCountry "UAE"]
[SourceTitle "playchess.com"]
[Source "ChessBase"]
[SourceQuality "1"]
[TimeControl "5400+30"]

1. d4 d5 2. c4 dxc4 3. Nf3 a6 4. e3 Nf6 5. Bxc4 c5 6. a4 e6 7. O-O Nc6 8. dxc5 Qxd1 9. Rxd1 Bxc5 10. Nbd2 Bd7 11. b3 Rc8 12. Bb2 Ke7 13. Rac1 Bb4 14. e4 Rhd8 15. Bc3 Bxc3 16. Rxc3 Nb4 17. Rcc1 Bc6 18. e5 Nd7 19. Bf1 Bd5 20. Bc4 Bc6 21. Bf1 Na2 22. Ra1 Nc3 23. Rdc1 Bd5 24. Bc4 Bxf3 25. Rxc3 Bg4 26. Re3 Nxe5 27. Rxe5 Rxd2 28. f3 Bf5 29. Rae1 Kd6 30. R5e3 h5 31. R1e2 Rxe2 32. Rxe2 Kc5 33. Rd2 Rc7 34. Kf2 Kb4 35. Rd4 Kc3 36. Rd6 Kb4 37. Rd4 Kc5 38. Ke3 b5 39. b4+ Kc6 40. axb5+ axb5 41. Bb3 Ra7 42. Rd1 Ra3 43. Rc1+ Kd6 44. Rc3 Bc2 45. Rxc2 Rxb3+ 46. Kf4 f6 47. Rd2+ Ke7 48. g4 Rxb4+ 49. Kg3 hxg4 50. fxg4 g5 51. Rd3 Rc4 52. h4 gxh4+ 53. Kxh4 f5 0-1

[Event "30th Abu Dhabi Festival A-Open 2024"]
[Site "Abu Dhabi"]
[Date "2024.08.15"]
[Round "1.10"]
[White "Kuandykuly, Danis"]
[Black "Shubh Atha"]
[Result "1-0"]
[ECO "B04"]
[WhiteElo "2224"]
[BlackElo "1813"]
[Annotator "RC"]
[PlyCount "69"]
[EventDate "2024.08.15"]
[EventType "swiss"]
[EventCountry "UAE"]
[SourceTitle "playchess.com"]
[Source "ChessBase"]
[SourceQuality "1"]
[TimeControl "5400+30"]

1. e4 Nf6 2. e5 Nd5 3. d4 d6 4. Nf3 dxe5 5. c4 Nb6 6. Nxe5 g6 7. Nc3 Bg7 8. Be3 c5 9. Qd2 Bxe5 10. dxe5 Qxd2+ 11. Kxd2 Na6 12. Ne4 Be6 13. b3 Rc8 14. Be2 O-O 15. Kc3 Nd7 16. f4 Bf5 17. Ng3 Nc7 18. Rhd1 Rcd8 19. Rd2 Be6 20. Rad1 b6 21. Bf3 Na6 22. Ne4 Nab8 23. Ng5 Kg7 24. Nxe6+ fxe6 25. Bg4 Kf7 26. a3 a5 27. Bf3 h5 28. Bb7 Rg8 29. b4 axb4+ 30. axb4 cxb4+ 31. Kxb4 Rge8 32. Bxb6 Nxb6 33. Rxd8 Rxd8 34. Rxd8 N6d7 35. Kb5 1-0

[Event "30th Abu Dhabi Festival A-Open 2024"]
[Site "Abu Dhabi"]
[Date "2024.08.15"]
[Round "1.11"]
[White "Sharma, Taksh"]
[Black "Fadi, Marko"]
[Result "0-1"]
[ECO "C49"]
[WhiteElo "1812"]
[BlackElo "2221"]
[Annotator "RC"]
[PlyCount "128"]
[EventDate "2024.08.15"]
[EventType "swiss"]
[EventCountry "UAE"]
[SourceTitle "playchess.com"]
[Source "ChessBase"]
[SourceQuality "1"]
[TimeControl "5400+30"]

1. e4 e5 2. Nf3 Nc6 3. Nc3 Nf6 4. Bb5 Bb4 5. O-O O-O 6. d3 d6 7. Bg5 Bxc3 8. bxc3 Qe7 9. Re1 Nd8 10. d4 Ne6 11. Bc1 Rd8 12. Ba3 c5 13. Qd2 Qc7 14. Bf1 Bd7 15. Rab1 Rac8 16. Bc1 b6 17. Ba6 Rb8 18. d5 Nf4 19. c4 Bc8 20. Bxc8 Qxc8 21. Re3 Qg4 22. Ne1 Nxe4 23. Rxe4 Nh3+ 24. Kf1 Qxe4 25. gxh3 Qxc4+ 26. Qd3 Qxd3+ 27. Nxd3 b5 28. Bd2 Re8 29. Ba5 Rec8 30. a3 Rb7 31. f3 f5 32. Ke2 a6 33. Ke3 Re8 34. h4 Rf7 35. Rg1 Rf6 36. Rg5 Rh6 37. h5 Rf8 38. Bc7 Rf7 39. Ba5 g6 40. f4 e4 41. Ne5 Rg7 42. Nc6 Rxh5 43. Rxh5 gxh5 44. Bc3 Rf7 45. Be1 Kf8 46. Nd8 Rf6 47. Bh4 Rg6 48. Nc6 Rg7 49. Bg5 Ke8 50. Kf2 Kd7 51. Nb8+ Kc7 52. Nc6 Kd7 53. Nb8+ Ke8 54. Nc6 Rb7 55. Ke3 a5 56. Bh4 a4 57. c3 Rg7 58. Kf2 Rg4 59. Bg5 h4 60. Na7 b4 61. Nb5 bxa3 62. Nxa3 h3 63. Nc4 Rg2+ 64. Ke3 Kd7 0-1

[Event "30th Abu Dhabi Festival A-Open 2024"]
[Site "Abu Dhabi"]
[Date "2024.08.15"]
[Round "1.12"]
[White "Dere Pushkar"]
[Black "Ahmed, Nidal"]
[Result "1-0"]
[ECO "B07"]
[WhiteElo "2217"]
[BlackElo "1811"]
[Annotator "RC"]
[PlyCount "77"]
[EventDate "2024.08.15"]
[EventType "swiss"]
[EventCountry "UAE"]
[SourceTitle "playchess.com"]
[Source "ChessBase"]
[SourceQuality "1"]
[TimeControl "5400+30"]

1. e4 d6 2. d4 Nf6 3. Nc3 g6 4. Bg5 Bg7 5. Qd2 h6 6. Bf4 g5 7. Bg3 Nh5 8. Bc4 Nxg3 9. hxg3 Nc6 10. Nge2 e5 11. d5 Ne7 12. f3 a6 13. a4 Bd7 14. g4 Ng6 15. Ng3 b5 16. Bf1 bxa4 17. Nxa4 Qb8 18. b3 Nh4 19. Nb2 Bb5 20. Nh5 Kf8 21. Nc4 Bxc4 22. Bxc4 Qb6 23. c3 f6 24. Ng3 Kf7 25. Qe2 Ra7 26. Nf1 Qc5 27. b4 Qb6 28. g3 Ng6 29. Ra5 Ne7 30. Ne3 Kg6 31. Kd2 c5 32. dxc6 Nxc6 33. Nd5 Qd8 34. Ra2 Ne7 35. Ne3 Bf8 36. Qh2 Kh7 37. Qh5 d5 38. Qf7+ Bg7 39. Rxh6+ 1-0

[Event "30th Abu Dhabi Festival A-Open 2024"]
[Site "Abu Dhabi"]
[Date "2024.08.17"]
[Round "2.1"]
[White "Yeremyan, Alen"]
[Black "Ivanov, Alexander"]
[Result "1-0"]
[ECO "A13"]
[WhiteElo "2279"]
[BlackElo "2415"]
[Annotator "ChessBase"]
[PlyCount "75"]
[EventDate "2024.08.15"]
[EventType "swiss"]
[EventCountry "UAE"]
[SourceTitle "playchess.com"]
[Source "ChessBase"]
[SourceQuality "1"]
[TimeControl "5400+30"]

1. c4 e6 2. g3 Nf6 3. Bg2 d5 4. Nf3 dxc4 5. Qa4+ Nbd7 6. Qxc4 c5 7. O-O a6 8. Qc2 b5 9. b3 Bb7 10. d3 Be7 11. Bb2 O-O 12. Nbd2 Rc8 13. Rac1 Qb6 14. Qb1 Rfd8 15. Rfd1 h6 16. Qa1 Bf8 17. a3 Bd5 18. h3 Qb8 19. e4 Bb7 20. Bc3 b4 21. Bb2 Nb6 22. axb4 cxb4 23. Be5 Rxc1 24. Rxc1 Qa7 25. Bxf6 gxf6 26. Qxf6 Rd7 27. Qf4 a5 28. Ne5 Re7 29. Ng4 a4 30. bxa4 Qxa4 31. Nf6+ Kh8 32. Qb8 Qa8 33. Qd6 Qa3 34. Rb1 Qc3 35. Qxb6 Qxf6 36. Qxb4 Ba6 37. Qd6 Qc3 38. Rb8 1-0

[Event "30th Abu Dhabi Festival A-Open 2024"]
[Site "Abu Dhabi"]
[Date "2024.08.17"]
[Round "2.2"]
[White "Bhuvan Krishna Prasanth"]
[Black "Diaz Villagran, Robert"]
[Result "1-0"]
[ECO "E61"]
[WhiteElo "1940"]
[BlackElo "2268"]
[Annotator "ChessBase"]
[PlyCount "66"]
[EventDate "2024.08.15"]
[EventType "swiss"]
[EventCountry "UAE"]
[SourceTitle "playchess.com"]
[Source "ChessBase"]
[SourceQuality "1"]
[TimeControl "5400+30"]

1. d4 Nf6 2. c4 d6 3. Nc3 e5 4. e3 Nbd7 5. Bd3 g6 6. Nge2 Bg7 7. O-O O-O 8. b3 Nh5 9. Bb2 f5 10. dxe5 dxe5 11. e4 f4 12. f3 c6 13. Qe1 Rf7 14. Rd1 Bf8 15. Kh1 Qg5 16. Na4 Nb6 17. Qc3 Bg7 18. c5 Nxa4 19. bxa4 Kh8 20. Bc4 Rf8 21. Rd6 Qe7 22. Rfd1 Re8 23. Qd2 Nf6 24. Rd8 Be6 25. Rxa8 Rxa8 26. Bxe6 Qxe6 27. Qd6 Qxa2 28. Bxe5 Qxe2 29. Bxf6 Bxf6 30. Qxf6+ Kg8 31. Qe6+ Kh8 32. Qd6 Re8 33. h3 Kg8 1-0

[Event "30th Abu Dhabi Festival A-Open 2024"]
[Site "Abu Dhabi"]
[Date "2024.08.17"]
[Round "2.3"]
[White "Gowrishankar Jayaraj"]
[Black "Aditya Varun Gampa"]
[Result "1/2-1/2"]
[ECO "B24"]
[WhiteElo "1924"]
[BlackElo "2261"]
[Annotator "ChessBase"]
[PlyCount "33"]
[EventDate "2024.08.15"]
[EventType "swiss"]
[EventCountry "UAE"]
[SourceTitle "playchess.com"]
[Source "ChessBase"]
[SourceQuality "1"]
[TimeControl "5400+30"]

1. e4 c5 2. Nf3 e6 3. g3 Nc6 4. Bg2 Nf6 5. Nc3 d5 6. exd5 exd5 7. d4 cxd4 8. Nxd4 Bg4 9. Nxc6 bxc6 10. Qd4 Be7 11. O-O O-O 12. Na4 Qc8 13. Re1 c5 14. Qe5 Re8 15. Bf4 Bh3 16. Qc7 Bxg2 17. Qxc8 1/2-1/2

[Event "30th Abu Dhabi Festival A-Open 2024"]
[Site "Abu Dhabi"]
[Date "2024.08.17"]
[Round "2.4"]
[White "Lad Mandar Pradip"]
[Black "Al Zadjali, Abdul Rahman"]
[Result "1-0"]
[ECO "D10"]
[WhiteElo "2254"]
[BlackElo "1939"]
[Annotator "ChessBase"]
[PlyCount "39"]
[EventDate "2024.08.15"]
[EventType "swiss"]
[EventCountry "UAE"]
[SourceTitle "playchess.com"]
[Source "ChessBase"]
[SourceQuality "1"]
[TimeControl "5400+30"]

1. d4 d5 2. c4 dxc4 3. e4 b5 4. a4 c6 5. Nc3 b4 6. Nb1 e5 7. Nf3 exd4 8. Bxc4 Nf6 9. Qb3 Be6 10. Bxe6 fxe6 11. Ng5 Qe7 12. Nxe6 Kd7 13. Nxf8+ Rxf8 14. O-O Rf7 15. Nd2 Kc8 16. Nf3 c5 17. e5 Ne8 18. Bg5 Qb7 19. Rac1 Rxf3 20. Rxc5+ 1-0

[Event "30th Abu Dhabi Festival A-Open 2024"]
[Site "Abu Dhabi"]
[Date "2024.08.17"]
[Round "2.5"]
[White "Watarkar Yash"]
[Black "Hamidov, Allahverdi"]
[Result "0-1"]
[ECO "A13"]
[WhiteElo "1915"]
[BlackElo "2253"]
[Annotator "ChessBase"]
[PlyCount "74"]
[EventDate "2024.08.15"]
[EventType "swiss"]
[EventCountry "UAE"]
[SourceTitle "playchess.com"]
[Source "ChessBase"]
[SourceQuality "1"]
[TimeControl "5400+30"]

1. c4 e6 2. Nf3 d5 3. e3 Nf6 4. b3 c5 5. Bb2 Nc6 6. cxd5 exd5 7. Bb5 Bd6 8. d4 cxd4 9. Nxd4 Bd7 10. Nc3 O-O 11. Nf3 Bg4 12. Be2 a6 13. O-O Bc7 14. h3 Bh5 15. Ba3 Re8 16. Rc1 Bb8 17. Nd4 Qc7 18. f4 Bxe2 19. Ncxe2 Rxe3 20. Nxc6 bxc6 21. Nd4 Qa5 22. Bc5 Rc3 23. b4 Rxc1 24. Qxc1 Qc7 25. g3 Ne4 26. Kg2 a5 27. Re1 axb4 28. Re2 Ra3 29. Nb3 Qb7 30. Qe1 Qa6 31. Bxb4 Rxa2 32. Nd2 Ba7 33. Rxe4 dxe4 34. Qxe4 Qc8 35. Qc4 Qe6 36. Qxe6 fxe6 37. Kf3 Bc5 0-1

[Event "30th Abu Dhabi Festival A-Open 2024"]
[Site "Abu Dhabi"]
[Date "2024.08.17"]
[Round "2.6"]
[White "Md Imran"]
[Black "Kakavand, Ramtin"]
[Result "1-0"]
[ECO "D15"]
[WhiteElo "2225"]
[BlackElo "1932"]
[Annotator "ChessBase"]
[PlyCount "81"]
[EventDate "2024.08.15"]
[EventType "swiss"]
[EventCountry "UAE"]
[SourceTitle "playchess.com"]
[Source "ChessBase"]
[SourceQuality "1"]
[TimeControl "5400+30"]

1. d4 d5 2. Nf3 Nf6 3. c4 c6 4. e3 a6 5. Nc3 b5 6. c5 Nbd7 7. h3 Qc7 8. Bd2 e5 9. g4 h6 10. Bg2 e4 11. Nh2 Be7 12. O-O Nf8 13. f3 exf3 14. Nxf3 Ng6 15. Qe1 O-O 16. Ne2 Ne4 17. Ba5 Qb8 18. Nf4 Bf6 19. Nh5 Be7 20. Nf4 Bf6 21. Nxg6 fxg6 22. Nd2 Nxd2 23. Qxd2 Re8 24. Qd3 Kh7 25. Rae1 Qg3 26. Rf3 Qh4 27. Ref1 Ra7 28. Be1 Qg5 29. Rf4 Bd8 30. h4 Qe7 31. e4 dxe4 32. Bxe4 Qe6 33. h5 Bf6 34. Bxg6+ Kg8 35. Bxe8 Qxe8 36. Qg6 Qe3+ 37. Kg2 Rf7 38. Re4 Qc1 39. Re8+ Rf8 40. Rxf6 Qxb2+ 41. Rf2 1-0

[Event "30th Abu Dhabi Festival A-Open 2024"]
[Site "Abu Dhabi"]
[Date "2024.08.17"]
[Round "2.7"]
[White "Bolys, Tolegen"]
[Black "Kuandykuly, Danis"]
[Result "1/2-1/2"]
[ECO "B22"]
[WhiteElo "1911"]
[BlackElo "2224"]
[Annotator "ChessBase"]
[PlyCount "152"]
[EventDate "2024.08.15"]
[EventType "swiss"]
[EventCountry "UAE"]
[SourceTitle "playchess.com"]
[Source "ChessBase"]
[SourceQuality "1"]
[TimeControl "5400+30"]

1. e4 c5 2. c3 Nf6 3. e5 Nd5 4. d4 cxd4 5. Nf3 Nc6 6. cxd4 d6 7. Bc4 Nb6 8. Bb5 dxe5 9. Nxe5 Bd7 10. Nxd7 Qxd7 11. Nc3 Rd8 12. Be3 e6 13. O-O Be7 14. Qg4 O-O 15. Rfd1 Kh8 16. Rac1 a6 17. Bxc6 bxc6 18. Qe2 Qb7 19. b3 a5 20. Qc2 Ba3 21. Rb1 Nd5 22. Na4 Rfe8 23. Bd2 Qa8 24. Bc3 Rc8 25. Qd2 Bb4 26. Bxb4 axb4 27. Re1 Rcd8 28. Rbc1 Rd6 29. Rc4 Qb7 30. Nc5 Qe7 31. Ne4 Rdd8 32. Rxc6 Qa7 33. h3 Qb8 34. Ng5 Kg8 35. Qc2 Nf6 36. Rc7 Rxd4 37. Rxf7 Rc8 38. Qb1 Rh4 39. Nf3 Kxf7 40. Nxh4 Qf4 41. Nf3 Kg8 42. Qd3 Re8 43. Qa6 e5 44. Qc4+ Qxc4 45. bxc4 e4 46. Nd2 Ra8 47. Nxe4 Nxe4 48. Rxe4 Rxa2 49. c5 Rc2 50. Rxb4 Rxc5 51. Rb7 Kf8 52. g3 h5 53. Kg2 Rf5 54. g4 hxg4 55. hxg4 Ra5 56. Kg3 g5 57. f3 Kg8 58. Rd7 Kf8 59. Kf2 Re5 60. Rd3 Kf7 61. Re3 Ra5 62. Rb3 Re5 63. Rb6 Kg7 64. Rb4 Kf6 65. Re4 Ra5 66. Kg3 Ra6 67. Rb4 Kg6 68. Rb5 Kf6 69. Rb3 Kg6 70. Re3 Kf6 71. f4 gxf4+ 72. Kxf4 Kg6 73. Re4 Rf6+ 74. Kg3 Ra6 75. Re5 Rb6 76. Kh4 Ra6 1/2-1/2

[Event "30th Abu Dhabi Festival A-Open 2024"]
[Site "Abu Dhabi"]
[Date "2024.08.17"]
[Round "2.8"]
[White "Fadi, Marko"]
[Black "Chinmay Kowshik"]
[Result "1/2-1/2"]
[ECO "B41"]
[WhiteElo "2221"]
[BlackElo "1918"]
[Annotator "ChessBase"]
[PlyCount "109"]
[EventDate "2024.08.15"]
[EventType "swiss"]
[EventCountry "UAE"]
[SourceTitle "playchess.com"]
[Source "ChessBase"]
[SourceQuality "1"]
[TimeControl "5400+30"]

1. e4 c5 2. Nf3 e6 3. d4 cxd4 4. Nxd4 a6 5. g3 Bc5 6. Nb3 Ba7 7. Bg2 Nc6 8. O-O Nge7 9. c4 d6 10. Qe2 Ng6 11. Be3 Bxe3 12. Qxe3 Nge5 13. N1d2 Qf6 14. f4 Ng4 15. Qe2 e5 16. h3 Nh6 17. f5 Qe7 18. Rad1 b5 19. Kh2 b4 20. Nf3 f6 21. c5 Nf7 22. cxd6 Nxd6 23. Qc2 Bd7 24. Nc5 Rd8 25. Rd5 Na7 26. Nxd7 Rxd7 27. Rfd1 Nab5 28. Bf1 Nc7 29. R5d2 O-O 30. Qb3+ Kh8 31. Qxb4 Rfd8 32. Qa4 Ndb5 33. Rxd7 Rxd7 34. Rxd7 Qxd7 35. Qc4 Nd6 36. Qc2 Ncb5 37. a4 Qc7 38. Qxc7 Nxc7 39. Bd3 Kg8 40. Kg2 Kf7 41. Kf2 Ke7 42. b4 Nb7 43. Ke3 a5 44. b5 Na8 45. Nd2 Nb6 46. Bc2 Kd6 47. Nb3 Nxa4 48. Nxa5 Nxa5 49. Bxa4 Nc4+ 50. Ke2 Kc5 51. g4 Nd6 52. Kd3 Kb4 53. Bd1 Kxb5 54. h4 Kb4 55. g5 1/2-1/2

[Event "30th Abu Dhabi Festival A-Open 2024"]
[Site "Abu Dhabi"]
[Date "2024.08.17"]
[Round "2.9"]
[White "Kholyavko, Mariya"]
[Black "Dere Pushkar"]
[Result "0-1"]
[ECO "B15"]
[WhiteElo "1901"]
[BlackElo "2217"]
[Annotator "ChessBase"]
[PlyCount "104"]
[EventDate "2024.08.15"]
[EventType "swiss"]
[EventCountry "UAE"]
[SourceTitle "playchess.com"]
[Source "ChessBase"]
[SourceQuality "1"]
[TimeControl "5400+30"]

1. e4 c6 2. d4 d5 3. Nc3 dxe4 4. Nxe4 Nf6 5. Nxf6+ exf6 6. c3 Bd6 7. Bd3 O-O 8. Qc2 Re8+ 9. Ne2 h5 10. Be3 Nd7 11. O-O-O b5 12. d5 c5 13. Bxb5 Rb8 14. c4 Qa5 15. Nc3 a6 16. Ba4 Qb4 17. Bb3 a5 18. Nb5 Rxb5 19. cxb5 Nb6 20. Rhe1 a4 21. Bd2 Qxb5 22. Bc4 Nxc4 23. Rxe8+ Qxe8 24. Qxc4 Bf5 25. Re1 Qa8 26. Bc3 a3 27. b3 Kh7 28. g3 Bg6 29. h3 Qb8 30. f4 Qc8 31. Bd2 Qf5 32. Kd1 Qxh3 33. Qe2 Qf5 34. Bc1 Qxd5+ 35. Bd2 Bd3 36. Qe8 c4 37. Qa4 cxb3 38. Qxb3 Qxb3+ 39. axb3 a2 40. Bc3 Bb4 41. Ba1 Bc2+ 42. Ke2 Bxe1 43. Kxe1 Bxb3 44. Kd2 Kg6 45. Ke3 Kf5 46. Bb2 Kg4 47. Kf2 h4 48. gxh4 Kxf4 49. h5 Kg5 50. Kg3 Kxh5 51. Bc3 Kg5 52. Bb2 Kf5 0-1

[Event "30th Abu Dhabi Festival A-Open 2024"]
[Site "Abu Dhabi"]
[Date "2024.08.17"]
[Round "2.10"]
[White "Manukyan, Sargis A."]
[Black "AbuAzizah, Raji"]
[Result "1-0"]
[ECO "E61"]
[WhiteElo "2211"]
[BlackElo "1913"]
[Annotator "ChessBase"]
[PlyCount "107"]
[EventDate "2024.08.15"]
[EventType "swiss"]
[EventCountry "UAE"]
[SourceTitle "playchess.com"]
[Source "ChessBase"]
[SourceQuality "1"]
[TimeControl "5400+30"]

1. d4 Nf6 2. c4 g6 3. Nc3 Bg7 4. Nf3 O-O 5. Bg5 d6 6. e3 Nbd7 7. Be2 b6 8. O-O Bb7 9. Qc2 h6 10. Bh4 c5 11. d5 Re8 12. Rad1 a6 13. a4 Ne5 14. Nxe5 dxe5 15. Bg3 Qc7 16. f4 exf4 17. exf4 Qd7 18. f5 g5 19. h4 gxh4 20. Bxh4 Kh8 21. Rf3 Rg8 22. Rh3 Nh7 23. Bd3 f6 24. Ne4 Bf8 25. a5 Qd8 26. Bf2 Bc8 27. Rh5 Rb8 28. Be3 Qe8 29. Qe2 bxa5 30. Bxh6 Rxb2 31. Rd2 Bxh6 32. Rxb2 Be3+ 33. Kh1 Bd4 34. Ra2 a4 35. g4 Rg7 36. Nd6 Qg8 37. Nxc8 Rxg4 38. Qxg4 Qxg4 39. Rxh7+ Kxh7 40. Rh2+ Kg7 41. Rg2 Qxg2+ 42. Kxg2 a3 43. Bb1 Kf7 44. Na7 Ke8 45. Nc6 Bc3 46. Kf3 a5 47. Ke2 Kd7 48. Na7 Bb4 49. Nb5 Ke8 50. Kd3 Kf7 51. Kc2 a4 52. Nc3 Bxc3 53. Kxc3 Kg7 54. Bc2 1-0